 Dungeon Crawl Stone Soup version 0.25-a0-403-g49d089a364 (webtiles) character file.

Game seed: 12878051527035202093, levelgen mode: deterministic

3717 night the Transmogrifier (level 9, -4/61 (62) HPs)
             Began as a White Draconian Fire Elementalist on Jan 9, 2020.
             Was a Follower of Vehumet.
             Slain by a wight
             ... wielding a cursed -1 war axe
              (14 damage)
             ... on level 8 of the Dungeon.
             The game lasted 00:29:28 (10083 turns).

night the Transmogrifier (DrFE)                    Turns: 10083, Time: 00:29:28

HP:   -4/61 (62)    AC: 13    Str: 10    XL:     9   Next: 92%
MP:   16/19         EV: 12    Int: 20    God:    Vehumet [*.....]
Gold: 491           SH:  0    Dex: 11    Spells: 1/22 levels left

rFire    . . .     SeeInvis .   H - +0 flail (holy)
rCold    + . .     Gourm    .   (no shield)
rNeg     . . .     Faith    .   (armour unavailable)
rPois    .         Spirit   .   (helmet restricted)
rElec    .         Reflect  .   G - +0 cloak
rCorr    .         Harm     .   x - +0 pair of gloves
MR       .....                  (no boots)
Stlth    ++........             (no amulet)
HPRegen  0.20/turn              i - +4 ring of protection
MPRegen  0.16/turn              (no ring)

@: lightly drained
A: breathe frost, unfitting armour, cold resistance 1, cold-blooded, AC +7
a: Breathe Frost, Renounce Religion


You were on level 8 of the Dungeon.
You worshipped Vehumet.
Vehumet was aware of your devotion.
You were not hungry.

You visited 1 branch of the dungeon, and saw 8 of its levels.
You also visited: Ossuary.

You collected 491 gold pieces.

Inventory:

Hand Weapons
 a - a +0 short sword of draining
 D - a +1 whip of electrocution
 H - a +0 flail of holy wrath (weapon)
 L - a +1 quarterstaff of protection
 N - a -3 great mace
Missiles
 c - 9 poisoned darts (quivered)
 f - 5 throwing nets
 g - 288 stones
 u - 40 sling bullets
Armour
 x - a +0 pair of gloves (worn)
 G - a +0 cloak (worn)
Magical Staves
 b - an uncursed staff of fire
Jewellery
 i - a +4 ring of protection (left hand)
 n - an uncursed amulet of the gourmand
 C - an uncursed ring of stealth
Wands
 v - a wand of random effects (33)
 M - a wand of flame (11)
Scrolls
 h - 2 scrolls of enchant armour {unknown}
 k - 5 scrolls of identify
 l - 3 scrolls of teleportation
 q - 3 scrolls of remove curse
 y - a scroll of brand weapon {unknown}
 B - a scroll of magic mapping {unknown}
 E - a scroll of immolation {unknown}
 K - 3 scrolls of fear
Potions
 d - 4 potions of might {unknown}
 e - a potion of brilliance {unknown}
 j - 2 potions of lignification {unknown}
 m - a potion of magic {unknown}
 p - a potion of agility {unknown}
 r - 3 potions of heal wounds
 w - 2 potions of curing {unknown}
 z - 2 potions of berserk rage {unknown}
 A - a potion of cancellation {unknown}
 F - 2 potions of mutation {unknown}
 I - a potion of haste {unknown}
 J - a potion of resistance {unknown}
Comestibles
 t - 19 rations


   Skills:
 - Level 1.7(1.3) Dodging
 - Level 1.7(1.3) Stealth
 + Level 1.0(0.6) Unarmed Combat
 + Level 7.0(6.5) Spellcasting
 + Level 7.5(7.0) Conjurations
 * Level 8.4(7.9) Transmutations
 - Level 4.3(3.9) Fire Magic


You had one spell level left.
You knew the following spells:

 Your Spells              Type           Power        Failure   Level  Hunger
a - Foxfire               Conj/Fire      ####         1%          1    None
b - Sticky Flame          Conj/Fire      ####....     11%         4    ###....
c - Irradiate             Conj/Tmut      #####.....   13%         5    #####..
d - Hydra Form            Tmut           #####.....   50%         6    ######.
e - Fireball              Conj/Fire      ####......   28%         5    #####..

Your spell library contained the following spells:

 Spells                   Type           Power        Failure   Level  Hunger
 Magic Dart               Conj           ####         1%          1    None
 Conjure Flame            Conj/Fire      ####....     3%          3    #......
 Inner Flame              Hex/Fire       ##......     13%         3    #......
 Statue Form              Tmut/Erth      ###......    96%         6    ######.
 Dragon Form              Tmut           #####.....   97%         7    #######


Dungeon Overview and Level Annotations

Branches:
Dungeon (8/15)             Temple (0/1) D:7         Ossuary (visited)
   Lair: D:8-11

Altars:
Cheibriados
Dithmenos
Elyvilon
Makhleb
Qazlal
Sif Muna
Vehumet
Xom
Zin
The Shining One


Innate Abilities, Weirdness & Mutations

You can breathe waves of freezing cold.
You can buffet flying creatures when you breathe cold.
Your icy white scales are hard. (AC +7)
You cannot fit into any form of body armour.
Your flesh is cold resistant. (rC+)
You are cold-blooded and may be slowed by cold attacks.


Message History

The wight is severely damaged.
The wight barely misses you.
You sock the wight!
The wight convulses!
The wight is almost destroyed.
The wight hits you but does no damage.
You closely miss the wight.
The wight is almost destroyed.
The wight hits you with a cursed +3 great sword!!
* * * LOW HITPOINT WARNING * * *
You feel drained.
* * * LOW HITPOINT WARNING * * *
A hound zombie comes into view.
The wight barely misses you.
You hear an angry hiss.
You barely miss the wight.
The wight is severely damaged.
Something shouts, "Decamp, thou wayward ditch-delivered pimple!"
The wight barely misses you.
The wight hits you with a cursed -1 war axe!
You die...

.. . ... #. #.#
#.# ..# #...##
#.# # #.%#.
#.##.# #...
###....#
#..##...####.#.#
#.@zz..<......#
##z###.####.###
#.....# #####..
####


You could see 3 wights.

Vanquished Creatures
  Grinder (D:5)
  Edmund (D:5)
  An ice beast (D:7)
  An orc warrior (D:8)
  A phantom (D:6)
  A black bear (D:6)
  A sky beast (D:6)
  A necrophage (D:5)
  4 ogres
  3 centaurs
  Blork the orc (D:5)
  3 elf zombies (Ossuary)
  A bullfrog (D:6)
  3 scorpions
  9 wights
  An electric eel (D:6)
  A bullfrog zombie (D:7)
  2 centaur zombies (Ossuary)
  5 orc priests
  8 hounds
  A jelly (D:6)
  An iguana (D:5)
  5 worker ants
  12 orc wizards
  2 big kobold zombies (Ossuary)
  2 hound zombies
  A hound skeleton (D:7)
  3 mummies (Ossuary)
  A worker ant zombie (D:6)
  11 adders
  A howler monkey skeleton (D:5)
  A shadow imp (D:7)
  An ooze (D:1)
  An adder skeleton (D:6)
  6 adder zombies
  5 dart slugs (D:1)
  4 leopard geckos
  27 orcs
  4 giant cockroaches
  2 gnoll zombies (Ossuary)
  4 goblins
  11 hobgoblins
  3 jackals (D:4)
  15 kobolds
  2 quokkas (D:3)
  A ball python (D:3)
  9 bats
  5 frilled lizards
  4 goblin zombies (Ossuary)
  3 hobgoblin zombies (Ossuary)
  3 jackal zombies (Ossuary)
  2 kobold zombies (Ossuary)
  2 orc zombies (Ossuary)
  3 quokka zombies (Ossuary)
  8 rats
  5 rat zombies (Ossuary)
  2 butterflies (D:3)
222 creatures vanquished.

Vanquished Creatures (others)
  554 foxfires
  3 fungi (D:6)
557 creatures vanquished.

Grand Total: 779 creatures vanquished

Notes
Turn   | Place    | Note
-------+----------+-------------------------------------------
     0 | D:1      | night the Draconian Fire Elementalist began the quest for
                  | the Orb.
     0 | D:1      | Reached XP level 1. HP: 14/14 MP: 3/3
   130 | D:1      | Reached XP level 2. HP: 20/20 MP: 0/5
   675 | D:1      | Reached XP level 3. HP: 26/26 MP: 6/6
  1263 | D:2      | Found a glowing silver altar of Zin.
  1263 | D:2      | Found a white marble altar of Elyvilon.
  1264 | D:2      | Found a glowing golden altar of the Shining One.
  1438 | D:2      | Found a shimmering blue altar of Sif Muna.
  1600 | D:2      | Found a stormy altar of Qazlal.
  1600 | D:2      | Found a shadowy altar of Dithmenos.
  1840 | D:3      | Reached XP level 4. HP: 33/33 MP: 3/8
  1883 | D:3      | Found a snail-covered altar of Cheibriados.
  1895 | D:3      | Found a burning altar of Makhleb.
  2185 | D:3      | Found a shimmering altar of Xom.
  2228 | D:3      | Found a faded altar of an unknown god.
  2363 | D:3      | Found a white marble altar of Elyvilon.
  2636 | D:4      | Reached XP level 5. HP: 38/38 MP: 9/9
  2673 | D:4      | Found a sand-covered staircase.
  2745 | Ossuary  | Entered an ossuary
  3066 | Ossuary  | Reached XP level 6. HP: 36/45 MP: 2/11
  3351 | Ossuary  | Learned a level 4 spell: Sticky Flame
  3790 | Ossuary  | Reached skill level 5 in Fire Magic
  3980 | Ossuary  | Your scales start taking on an icy white colour.
  3980 | Ossuary  | Reached XP level 7. HP: 47/50 MP: 7/13
  3980 | Ossuary  | Gained mutation: Your flesh is cold resistant. (rC+) [White
                  | Draconian growth]
  4266 | D:4      | Learned a level 5 spell: Irradiate
  4622 | D:4      | Reached skill level 1 in Transmutations
  4785 | D:5      | Entered Level 5 of the Dungeon
  4871 | D:5      | Reached skill level 2 in Transmutations
  5396 | D:5      | Reached skill level 5 in Conjurations
  5396 | D:5      | Reached skill level 3 in Transmutations
  5546 | D:5      | Reached skill level 5 in Spellcasting
  5551 | D:5      | Reached XP level 8. HP: 50/56 MP: 10/15
  5756 | D:5      | Noticed Blork the orc
  5789 | D:5      | Killed Blork the orc
  5789 | D:5      | Reached skill level 4 in Transmutations
  5973 | D:5      | Noticed Edmund
  5998 | D:5      | Killed Edmund
  6134 | D:5      | Noticed Grinder
  6135 | D:5      | Paralysed by Grinder for 6 turns
  6151 | D:5      | Killed Grinder
  6151 | D:5      | Reached skill level 5 in Transmutations
  7076 | D:6      | Reached skill level 6 in Transmutations
  7269 | D:6      | Found a radiant altar of Vehumet.
  7273 | D:6      | Became a worshipper of Vehumet
  7287 | D:6      | Reached XP level 9. HP: 61/61 MP: 14/18
  8028 | D:6      | Reached skill level 7 in Transmutations
  8555 | D:7      | Reached * piety under Vehumet
  8555 | D:7      | Offered knowledge of Magic Dart by Vehumet.
  9139 | D:7      | Found a staircase to the Ecumenical Temple.
  9303 | D:7      | Reached skill level 8 in Transmutations
  9422 | D:7      | Learned a level 6 spell: Hydra Form
  9909 | D:7      | Learned a level 5 spell: Fireball
 10076 | D:8      | Reached skill level 1 in Unarmed Combat
 10083 | D:8      | Slain by a wight

Levels and vault maps discovered:
D:1:      ebering_trefoil_3fold, layout_basic, minmay_quantized
D:2:      layout_loops_corners, good_gods_temple_1, led_sif_pool,
          gammafunk_temple_overflow_wave
D:3:      layout_rooms, nicolae_overflow_crystal_walls, cheibriados_altar_1,
          xom_butterflies, chequers_ecumenical_altar_island,
          kennysheep_minor_cross, elyvilon_altar_5
D:4:      layout_loops_ring, nicolae_ossuary_entry_false_entrances
D:5:      layout_loops_ring, first_ration, uniq_blork_the_orc, uniq_edmund,
          uniq_grinder
D:6:      old_forge, layout_basic, kennysheep_mini_moat, grunt_ministairs_14,
          minivault_4, minivault_1, hangedman_abyss_or_decor_passed,
          lemuel_flamethrower_1
D:7:      layout_basic, minmay_temple_entry_offerings, grunt_ogre_cave
D:8:      layout_basic, nemelex_xobeh_ov_fountains_minmay, kennysheep_mini,
          minmay_ruined_shrine, uniq_prince_ribbit1, uniq_joseph, uniq_gastronok

Skill      XL: |  1  2  3  4  5  6  7  8  9 |
---------------+----------------------------+-----
Conjurations   | 2 3 4 5 6 7 |  7.5
Spellcasting   | 3 4 5 6 7 |  7.0
Fire Magic     | 4 4 |  4.3
Transmutations | 3 6 8 |  8.4
Unarmed Combat | 1 |  1.0
Dodging        | |  1.7
Stealth        | |  1.7

Action                   |  1- 3 |  4- 6 |  7- 9 || total
-------------------------+-------+-------+-------++-------
Melee: Unarmed           |     6 |       |    13 ||    19
       Short sword       |    55 |    75 |   332 ||   462
       Tailslap          |     3 |     8 |    33 ||    44
       Whip              |       |       |    11 ||    11
       Quarterstaff      |       |       |    63 ||    63
       Flail             |       |       |     6 ||     6
Throw: Dart              |       |       |     1 ||     1
 Cast: Foxfire           |    29 |   123 |   156 ||   308
       Sticky Flame      |       |       |     7 ||     7
       Hydra Form        |       |       |     1 ||     1
       Irradiate         |       |       |     1 ||     1
 Abil: Breathe Frost     |       |       |     3 ||     3
  Use: Scroll            |       |     4 |     5 ||     9
 Stab: Sleeping          |     1 |     1 |     1 ||     3
  Eat: Chunk             |     3 |     4 |    17 ||    24
       Ration            |       |     1 |     1 ||     2
Armor: Skin              |    47 |    96 |   280 ||   423
Dodge: Dodged            |    53 |   106 |   366 ||   525

Table legend:
 A = Non-vault XP
 B = Vault XP
 C = Vault XP percentage of total XP
 D = Non-vault monster count
 E = Vault monster count
 F = Vault count percentage of total count
                 A         B        C        D         E       F
            +---------+---------+-------+---------+---------+-------
      Total |    3813 |    1497 |  28.2 |     159 |      61 |  27.7
            +---------+---------+-------+---------+---------+-------
        D:1 |      47 |      15 |  24.2 |      21 |       6 |  22.2
        D:2 |      31 |       0 |   0.0 |      12 |       0 |   0.0
        D:3 |      64 |       0 |   0.0 |      26 |       0 |   0.0
        D:4 |     204 |       0 |   0.0 |      19 |       0 |   0.0
        D:5 |     815 |     540 |  39.9 |      28 |       3 |   9.7
        D:6 |    1265 |     276 |  17.9 |      25 |      11 |  30.6
        D:7 |     964 |     121 |  11.2 |      21 |       1 |   4.5
        D:8 |     423 |       0 |   0.0 |       7 |       0 |   0.0
    Ossuary |       0 |     545 | 100.0 |       0 |      40 | 100.0
            +---------+---------+-------+---------+---------+-------
